 Dungeon Crawl Stone Soup version 0.28-a0-1117-g0bdd5ba030 (webtiles) character file.

Game seed: 7639192246616086699

1108 bande the Chopper (level 8, -9/49 HPs)
             Began as a Gargoyle Fighter on Dec 11, 2021.
             Mangled by an ogre (15 damage)
             ... on level 5 of the Dungeon.
             The game lasted 00:07:27 (2681 turns).

bande the Chopper (Gargoyle Fighter)                Turns: 2681, Time: 00:07:28

Health: -9/49      AC: 13    Str: 20    XL:     8   Next: 33%
Magic:  8/8        EV:  9    Int:  9    God:
Gold:   207        SH:  5    Dex: 11    Spells: 7/7 levels left

rFire   . . .      SeeInvis .   a - +1 war axe (venom)
rCold   . . .      Faith    .   c - +0 buckler
rNeg    + . .      Spirit   .   b - +0 scale mail
rPois   ∞          Reflect  .   (no helmet)
rElec   +          Harm     .   (no cloak)
rCorr   .          Rampage  .   (no gloves)
Will    +....                   (no boots)
Stlth   ..........              f - amulet of regeneration
HPRegen 0.96/turn               e - ring of willpower
MPRegen 0.11/turn               (no ring)

@: no status effects
A: sickness immunity, AC +5, negative energy resistance 1, electricity
resistance, torment resistance 1, petrification resistance
a: no special abilities


You were on level 5 of the Dungeon.
You visited 1 branch of the dungeon, and saw 5 of its levels.

You collected 207 gold pieces.

Inventory:

Hand Weapons
 a - a +1 war axe of venom (weapon)
 k - a +0 war axe
Armour
 b - a +0 scale mail (worn)
 c - a +0 buckler (worn)
Jewellery
 e - a ring of willpower (left hand)
 f - an amulet of regeneration (around neck)
 i - a +6 ring of dexterity
 m - an amulet of magic regeneration
Scrolls
 g - a scroll of enchant weapon
 l - a scroll of teleportation
Potions
 d - 2 potions of might
 j - a potion of invisibility
 n - a potion of flight
 o - a potion of lignification
 p - a potion of mutation


   Skills:
 + Level 5.1 Fighting
 + Level 6.5 Axes
 + Level 5.5 Armour
 + Level 5.2 Shields


You had 7 spell levels left.
You didn't know any spells.
Your spell library contained the following spells:

 Spells                   Type           Power      Damage    Failure   Level
 Slow                     Hex            0%         N/A       71%         1
 Confusing Touch          Hex            0%         N/A       97%         3
 Vampiric Draining        Necr           0%         2d6       97%         3


Dungeon Overview and Level Annotations

Branches:
Dungeon (5/15)
 Temple: D:4-7

Altars:
Sif Muna

Shops:
D:5 *


Innate Abilities, Weirdness & Mutations

You are immune to sickness and miasma.
Your stone body is resilient. (AC +5)
You are immune to poison.
You resist negative energy. (rN+)
You are resistant to electric shocks. (rElec)
You are resistant to unholy torment.
You are immune to petrification.


Message History

No target in view!
No target in view!
No target in view!
Found a leather armour.
You now have 207 gold pieces (gained 14).
There is a stone staircase leading down here.
There is a stone staircase leading up here.
An ogre comes into view. It is wielding a +0 giant spiked club.
The ogre shouts!
You hear an angry hiss.
A bullfrog zombie comes into view.
You hit the ogre.
The ogre is lightly wounded.
The ogre hits you with a +0 giant spiked club!!
You hit the ogre.
The ogre is poisoned.
The ogre is lightly wounded.
You slash the bullfrog zombie! The bullfrog zombie hits you.
The ogre hits you with a +0 giant spiked club!!
* * * LOW HITPOINT WARNING * * *
You are too injured to fight recklessly!
You are too injured to fight recklessly!
You are too injured to fight recklessly!
You are too injured to fight recklessly!
You are too injured to fight recklessly!
You are too injured to fight recklessly!
You are too injured to fight recklessly!
Unknown command.
You feel better.
The bullfrog zombie hits you but does no damage.
An iguana comes into view.
The bullfrog zombie hits you but does no damage.
The ogre hits you with a +0 giant spiked club!
* * * LOW HITPOINT WARNING * * *
You feel better. The bullfrog zombie hits you.
* * * LOW HITPOINT WARNING * * *
Unknown command.
You hit the ogre.
The ogre is moderately wounded.
You hit the bullfrog zombie. You block the bullfrog zombie's attack.
The ogre hits you with a +0 giant spiked club!
You die...

.# #...........# #.# .#
###########.# #.# .# #.# #.#
###############.####.#####
..#.....>................########
..##.#####.####...##.###.........
..##.# #.....<..........########
#⌠##.# ##.#####..##.###.# ####.#
### #@.##.# #.# .....# #OZ##.#
#.# ....####### #..##.# #.#
........... ...##.# #.# ####
#.#.###### #..# .#. .... #.#.#
#.l# #### #.#.#### #... ....
#......####### #... ####
###........... #.


You could see an ogre (very poisoned), an iguana and a bullfrog zombie.

Vanquished Creatures
  Menkaure (D:5)
  An ogre (D:5)
  A phantom (D:3)
  5 scorpions
  A water moccasin skeleton (D:5)
  A vampire bat (D:3)
  A hound (D:5)
  An orc priest (D:4)
  2 centaur skeletons
  An iguana (D:5)
  Natasha (thrice) (D:3)
  A hound skeleton (D:4)
  A howler monkey skeleton (D:5)
  4 adders
  2 white imps (D:5)
  An ufetubus (D:4)
  3 fire bats (D:3)
  3 worms
  3 orcs (D:4)
  2 spectral bats (D:3)
  6 ball pythons
  3 bat skeletons (D:3)
  A bat zombie (D:3)
  6 endoplasms
  4 giant cockroaches
  3 hobgoblins
  4 jackals
  13 bats
  A bat simulacrum (D:3)
  2 frilled lizards
  5 goblins
  5 kobolds
  5 rats
96 creatures vanquished.

Notes
Turn   | Place    | Note
-------+----------+-------------------------------------------
     0 | D:1      | bande the Gargoyle Fighter began the quest for the Orb.
     0 | D:1      | Reached XP level 1. HP: 14/14 MP: 1/1
   178 | D:1      | Reached XP level 2. HP: 19/19 MP: 2/2
   599 | D:2      | Reached skill level 2 in Axes
   599 | D:2      | Reached XP level 3. HP: 23/23 MP: 3/3
   654 | D:2      | Found a faded altar of an unknown god.
   688 | D:2      | Reached XP level 4. HP: 29/29 MP: 4/4
   974 | D:3      | Noticed Natasha
   982 | D:3      | Killed Natasha
   983 | D:3      | Reached skill level 3 in Axes
   995 | D:3      | Noticed a phantom
  1010 | D:3      | Killed a phantom
  1011 | D:3      | Reached XP level 5. HP: 18/33 MP: 5/5
  1208 | D:3      | Reached skill level 4 in Axes
  1208 | D:3      | Reached XP level 6. HP: 38/38 MP: 6/6
  1496 | D:3      | Noticed Natasha
  1503 | D:3      | Killed Natasha
  1543 | D:3      | Noticed Natasha
  1551 | D:3      | Killed Natasha
  1825 | D:4      | Reached XP level 7. HP: 36/43 MP: 7/7
  1926 | D:4      | Reached skill level 5 in Axes
  2153 | D:5      | Entered Level 5 of the Dungeon
  2179 | D:5      | Reached skill level 5 in Armour
  2192 | D:5      | Reached skill level 5 in Shields
  2234 | D:5      | Noticed Menkaure
  2242 | D:5      | Killed Menkaure
  2243 | D:5      | Reached skill level 6 in Axes
  2243 | D:5      | Reached XP level 8. HP: 24/48 MP: 8/8
  2341 | D:5      | Reached skill level 5 in Fighting
  2367 | D:5      | Found Oghot's General Store.
  2584 | D:5      | Found a shimmering blue altar of Sif Muna.
  2679 | D:5      | HP: 2/49 [ogre (10)]
  2681 | D:5      | Mangled by an ogre

Illustrated notes

Levels and vault maps discovered:
D:1:      mrwooster_arrival_statue_2, layout_rooms
D:2:      minmay_chambers_of_twos, layout_rooms,
          hellmonk_ecumenical_altar_heavens_door, kennysheep_minor_cross,
          st_stairs_3
D:3:      layout_loops_ring, goddamned_bats, uniq_natasha
D:4:      layout_basic
D:5:      layout_loops_ring, mainiacjoe_overflow_alcove_2, serial_shops, shop,
          st_stairs_7, uniq_menkaure

Skill      XL: |  1  2  3  4  5  6  7  8 |
---------------+-------------------------+-----
Axes           | 2 3 4 6 |  6.5
Shields        | 4 5 |  5.2
Fighting       | 4 5 |  5.1
Armour         | 4 5 |  5.5

Action                   |  1- 3 |  4- 6 |  7- 9 || total
-------------------------+-------+-------+-------++-------
Melee: War axe           |    78 |   152 |    99 ||   329
  Use: Scroll            |       |     7 |     3 ||    10
       Potion            |       |       |     2 ||     2
Armor: Scale mail        |    63 |   100 |    40 ||   203
Dodge: Dodged            |    52 |    96 |    26 ||   174
Block: Buckler           |    15 |    44 |    24 ||    83

Table legend: (Time is in decaauts)
 A = Elapsed time spent in this place.
 B = Non-inter-level travel time spent in this place.
 C = Inter-level travel time spent in this place.
 D = Time resting spent in this place.
 E = Time spent auto-exploring this place.
 F = Levels seen in this place.
 G = Mean time per level.
                   A        B        C        D        E       F      G
               +--------+--------+--------+--------+--------+-----+--------+
         Total |   2780 |   2769 |     11 |     21 |   1873 |   5 |  556.0 |
       Dungeon |   2780 |   2769 |     11 |     21 |   1873 |   5 |  556.0 |
               +--------+--------+--------+--------+--------+-----+--------+

Top non-repeatable levels by time:
     D:3: 763 daAuts
     D:1: 567 daAuts
     D:5: 539 daAuts
     D:4: 473 daAuts
     D:2: 436 daAuts
